Map: 冰雪合金-天梯版

Players

无奈错过棒棒糖 - Winner!

  • Race: Zerg Zerg
  • League: Diamond
  • Spawn Location: 7:00

llllllllllll

  • Race: Protoss Protoss
  • League: Master
  • Spawn Location: 1:00

VOD

Have the link to the VOD?

Description

Time

  • Played on: Sept. 6, 2020, 10:02 a.m.
  • Length: 13:58
Show
View Real Time Build Order
Export as new Build Order

无奈错过棒棒糖 Zerg - Winner!

Build Orders: Hatch First 

Get SALT Encoding   

  12  0:00  Drone  
  13  0:12  Overlord  
  13  0:16  Drone  
  14  0:30  Drone  
  14  0:31  Drone  
  16  0:49  Hatchery  
  15  0:52  Drone  
  15  0:56  Drone  
  17  0:59  Drone  
  18  1:15  Spawning Pool  
  18  1:17  Extractor  
  16  1:21  Drone  
  16  1:24  Drone  
  18  1:27  Drone  
  19  1:39  Drone  
  20  1:49  Drone  
  21  2:01  Overlord  
  21  2:03  Drone  
  21  2:08  Roach Warren  
  21  2:10  Drone  
  21  2:11  Drone  
  23  2:21  Drone  
  23  2:22  Drone  
  25  2:27  Queen  
  25  2:29  Extractor  
  26  2:49  Roach  
  26  2:50  Roach x3  
  34  2:55  Roach  
  34  2:57  Overlord  
  36  3:05  Overlord  
  36  3:17  Drone x3  
  39  3:25  Overlord  
  39  3:26  Drone  
  40  3:28  Hatchery  
  39  3:35  Drone x3  
  39  3:37  Drone x2  
  44  3:44  Ravager x2  
  46  3:55  Queen, Drone x2  
  48  3:56  Queen  
  48  3:59  Ravager  
  48  4:01  Drone x2  
  55  4:10  Drone  
  55  4:11  Drone x3  
  55  4:12  Drone  
  57  4:32  Drone x3  
  57  4:34  Queen  
  57  4:36  Extractor  
  57  4:37  Extractor  
  57  4:38  Queen  
  54  4:45  Queen  
  54  4:46  Drone  
  54  4:47  Drone x3  
  54  4:52  Drone  
  59  4:54  Drone x2  
  61  5:04  Evolution Chamber  
  60  5:27  Lair  
  60  5:28  Drone x3  
  61  5:29  Drone x3  
  61  5:30  Overlord x2  
  66  5:38  Extractor  
  66  5:39  Queen, Extractor  
  66  5:42  Evolution Chamber  
  66  5:43  Zerg Missile Weapons Level 1  
  65  5:52  Drone  
  65  5:53  Drone x10  
  76  5:58  Queen  
  76  6:02  Drone  
  76  6:03  Drone x3  
  78  6:04  Drone  
  78  6:05  Drone  
  78  6:07  Drone x2  
  81  6:17  Queen  
  81  6:23  Drone  
  80  6:26  Queen  
  80  6:31  Overlord, Zerg Ground Armor Level 1  
  82  6:35  Hydralisk Den  
  81  6:47  Overlord x2  
  81  6:48  Overlord x6  
  81  6:49  Queen  
  81  6:52  Queen  
  85  7:02  Queen  
  80  7:16  Hydralisk  
  80  7:17  Hydralisk x8  
  80  7:18  Hydralisk  
  98  7:24  Queen  
  98  7:27  Drone  
  98  7:28  Queen, Drone x5  
  103  7:32  Overlord  
  103  7:37  Queen  
  103  7:38  Spire  
  103  7:40  Grooved Spines  
  104  7:46  Overlord  
  104  7:51  Drone x2  
  104  7:53  Nydus Network  
  105  8:01  Drone x3, Extractor  
  105  8:02  Queen  
  105  8:04  Zerg Missile Weapons Level 2  
  105  8:05  Hatchery  
  108  8:12  Hydralisk x3  
  110  8:13  Hydralisk  
  112  8:22  Hydralisk  
  112  8:23  Hydralisk x3  
  120  8:28  Infestation Pit  
  120  8:33  Hydralisk x4  
  127  8:45  Hydralisk  
  127  8:46  Hydralisk x5  
  139  8:52  Muscular Augments  
  135  9:10  Overlord  
  135  9:17  Overlord x3  
  135  9:18  Hydralisk x3  
  135  9:19  Hydralisk x5  
  149  9:26  Overlord x3  
  149  9:44  Nydus Canal  
  149  9:45  Overlord  
  149  9:46  Roach x6  
  149  9:47  Roach  
  163  9:55  Roach x3  
  169  10:02  Roach  
  169  10:03  Roach x4  
  179  10:12  Ravager x2  
  181  10:16  Zerg Ground Armor Level 2  
  175  10:30  Hydralisk  
  175  10:31  Hydralisk x11  
  197  10:38  Hydralisk x3  
  195  10:51  Spore Crawler  
  195  10:52  Spore Crawler x3  
  195  10:53  Spore Crawler  
  195  10:54  Spore Crawler  
  195  10:56  Spore Crawler  
  178  11:15  Spore Crawler x2  
  178  11:17  Spore Crawler x2  
  178  11:18  Spore Crawler  
  171  11:25  Hydralisk  
  169  11:26  Hydralisk x7  
  169  11:29  Spore Crawler  
  179  11:38  Hydralisk  
  179  11:39  Hydralisk  
  177  11:44  Spore Crawler  
  177  11:45  Spore Crawler  
  171  12:15  Hydralisk x3  
  171  12:16  Hydralisk x6  
  175  12:24  Spore Crawler x2  
  175  12:29  Nydus Canal  
  161  12:35  Hydralisk  
  161  12:36  Hydralisk x2  
  161  12:52  Hydralisk  
  161  12:53  Hydralisk x3  
  169  13:03  Hydralisk  
  169  13:04  Hydralisk  
  167  13:24  Nydus Canal  
Show
View Real Time Build Order
Export as new Build Order

llllllllllll Protoss 

Build Orders: Forge Fast Expand (FFE), Carriers 

Get SALT Encoding   

  12  0:00  Probe  
  13  0:12  Probe (Chrono Boost)  
  14  0:20  Pylon  
  14  0:24  Probe (Chrono Boost)  
  15  0:36  Probe (Chrono Boost)  
  16  0:44  Forge  
  16  0:48  Probe  
  18  1:08  Nexus  
  17  1:18  Photon Cannon  
  17  1:30  Gateway  
  18  1:32  Probe (Chrono Boost)  
  18  1:37  Assimilator  
  18  1:44  Probe (Chrono Boost)  
  19  1:49  Probe (Chrono Boost)  
  19  1:50  Assimilator  
  20  1:59  Probe  
  21  2:11  Probe  
  22  2:18  Cybernetics Core  
  22  2:20  Zealot  
  22  2:21  Probe (Chrono Boost)  
  25  2:23  Probe (Chrono Boost)  
  26  2:33  Probe (Chrono Boost)  
  26  2:35  Probe (Chrono Boost)  
  26  2:36  Pylon  
  28  2:40  Probe x2 (Chrono Boost)  
  30  2:47  Probe  
  30  2:49  Probe  
  32  2:57  Stargate  
  32  3:00  Probe  
  32  3:01  Probe  
  32  3:02  Assimilator  
  34  3:09  Stargate  
  34  3:12  Probe  
  35  3:16  Probe  
  36  3:20  Stalker (Chrono Boost)  
  36  3:24  Probe  
  39  3:28  Probe  
  39  3:29  Assimilator  
  40  3:34  Pylon  
  40  3:36  Probe  
  40  3:40  Pylon  
  41  3:47  Void Ray (Chrono Boost)  
  45  3:49  Probe  
  45  3:51  Void Ray (Chrono Boost)  
  45  3:52  Probe  
  45  3:53  Pylon  
  51  4:03  Probe  
  51  4:04  Probe  
  53  4:19  Photon Cannon  
  53  4:20  Photon Cannon  
  51  4:29  Void Ray  
  51  4:39  Pylon  
  51  4:48  Pylon  
  51  4:51  Void Ray (Chrono Boost)  
  51  4:56  Pylon  
  55  5:02  Probe  
  55  5:03  Probe  
  57  5:11  Pylon  
  57  5:14  Void Ray (Chrono Boost)  
  61  5:17  Probe x2  
  63  5:29  Probe  
  63  5:35  Probe  
  65  5:41  Nexus, Probe  
  66  5:47  Probe  
  67  5:52  Void Ray x2  
  67  5:53  Protoss Air Weapons Level 1 (Chrono Boost), Probe  
  68  5:59  Probe  
  77  6:06  Probe  
  78  6:11  Probe  
  79  6:19  Void Ray  
  79  6:30  Probe x2  
  81  6:37  Pylon x2  
  81  6:39  Pylon  
  85  6:40  Pylon  
  85  6:42  Void Ray  
  85  6:43  Pylon  
  85  6:50  Fleet Beacon  
  89  6:55  Probe x2  
  89  6:56  Void Ray, Probe  
  92  7:07  Probe  
  92  7:08  Probe  
  98  7:33  Assimilator  
  98  7:34  Assimilator  
  98  7:36  Photon Cannon x2, Shield Battery  
  98  7:38  Shield Battery  
  98  7:40  Probe x3  
  105  7:52  Carrier x2 (Chrono Boost)  
  105  7:55  Protoss Air Weapons Level 2 (Chrono Boost)  
  105  7:57  Stargate  
  109  7:59  Pylon  
  109  8:00  Pylon  
  109  8:05  Probe  
  109  8:06  Probe x2  
  112  8:18  Probe x3  
  111  8:30  Nexus, Probe  
  112  8:37  Stargate  
  112  8:39  Carrier (Chrono Boost)  
  118  8:49  Probe x2  
  118  8:50  Probe  
  118  8:51  Carrier (Chrono Boost)  
  118  8:55  Photon Cannon  
  127  8:56  Photon Cannon  
  127  9:01  Carrier  
  133  9:06  Pylon  
  133  9:07  Probe x3  
  133  9:08  Pylon  
  136  9:13  Pylon  
  136  9:22  Stargate  
  132  9:25  Carrier  
  138  9:36  Probe  
  139  9:48  Carrier (Chrono Boost)  
  145  10:05  Photon Cannon, Shield Battery  
  145  10:07  Shield Battery  
  145  10:10  Shield Battery  
  151  10:20  Shield Battery  
  151  10:21  Shield Battery  
  157  10:23  Photon Cannon  
  157  10:26  Carrier (Chrono Boost)  
  157  10:33  Carrier (Chrono Boost)  
  157  10:41  Shield Battery  
  155  10:44  Shield Battery x2  
  155  10:55  Shield Battery  
  151  11:02  Carrier x3 (Chrono Boost)  
  151  11:08  Pylon  
  167  11:13  Probe  
  155  11:40  Pylon  
  155  11:43  Pylon  
  81  12:48  Pylon  
  81  12:51  Pylon  
  79  12:52  Pylon  
Tags
 
Add a new tag
Caveats
  • Supply blocks, unpowered buildings, or Contaminate may cause inaccurate times.
  • Supply counts are checked every 10 seconds.